 Dungeon Crawl Stone Soup version 0.20.0-10-g0535bb4 (webtiles) character file.

65 Inarius the Gusty (level 3, -3/26 HPs)
             Began as a Draconian Air Elementalist on June 4, 2017.
             Slain by Terence
             ... wielding a +0 short sword
              (5 damage)
             ... on level 2 of the Dungeon.
             The game lasted 00:04:54 (1955 turns).

Inarius the Gusty (Draconian Air Elementalist)      Turns: 1955, Time: 00:04:55

Health: -3/26      AC:  6    Str: 10    XL:     3   Next: 94%
Magic:  4/7        EV: 12    Int: 16    God:
Gold:   41         SH:  0    Dex: 11    Spells: 1/7 levels left

rFire    . . .     SeeInvis .   i - +0 short sword
rCold    . . .     Gourm    .   (no shield)
rNeg     . . .     Faith    .   (armour unavailable)
rPois    .         Spirit   .   (helmet restricted)
rElec    .         Reflect  .   (no cloak)
rCorr    .         Harm     .   j - +0 pair of gloves
MR       .....                  (no boots)
Stlth    ++........             (no amulet)
Regen    0.1/turn               (no ring)
MPRegen  0.1/turn               (no ring)

@: no status effects
A: unfitting armour, cold-blooded, AC +5
a: no special abilities


You were on level 2 of the Dungeon.
You were hungry.

You visited 1 branch of the dungeon, and saw 2 of its levels.

You collected 41 gold pieces.

Inventory:

Hand Weapons
 i - a +0 short sword (weapon)
Armour
 j - a +0 pair of gloves (worn)
Scrolls
 c - a scroll of amnesia {unknown}
 d - a scroll of identify {unknown}
 e - a scroll of immolation {unknown}
 f - a scroll of enchant armour {unknown}
 h - 2 scrolls of remove curse {unknown}
 l - a scroll of teleportation {unknown}
Books
 a - a book of Air

   Spells                             Type                      Level
   a - Shock                          Conjuration/Air              1
   b - Swiftness                      Charms/Air                   2
   c - Static Discharge               Conjuration/Air              3
   d - Airstrike                      Air                          4
   e - Lightning Bolt                 Conjuration/Air              5
Comestibles
 b - 3 bread rations
 g - 4 fruits
 k - a chunk of flesh


   Skills:
 + Level 0.2 Fighting
 * Level 2.1 Dodging
 - Level 1.7 Stealth
 - Level 0.2 Unarmed Combat
 + Level 2.6 Spellcasting
 * Level 2.0 Conjurations
 + Level 3.6 Air Magic


You had one spell level left.
You knew the following spells:

 Your Spells              Type           Power        Failure   Level  Hunger
a - Shock                 Conj/Air       ##..         6%          1    #......
b - Swiftness             Chrm/Air       #.......     14%         2    ##.....
c - Static Discharge      Conj/Air       ##......     19%         3    ###....


Dungeon Overview and Level Annotations

Branches:
Dungeon (2/15)

Altars:

Annotations:
D:2 Terence


Innate Abilities, Weirdness & Mutations

Your plain brown scales are hard. (AC +5)
You cannot fit into any form of body armour.
You are cold-blooded and may be slowed by cold attacks.


Message History

You hit Terence.
Terence is almost dead.
Terence hits you with a short sword.
* * * LOW HITPOINT WARNING * * *
You hit Terence but do no damage.
Terence is almost dead.
Terence hits you with a short sword.
* * * LOW HITPOINT WARNING * * *
Terence closely misses you.
You are feeling hungry.
You hit Terence but do no damage.
Terence is almost dead.
Terence barely misses you.
You closely miss Terence.
Terence is almost dead.
Terence barely misses you.
You hit Terence.
Terence is almost dead.
Terence hits you with a short sword.
You die...

##############
......@@.....#
.###########.#
#)# #.# #.#
#.# #######.##
#........#
#........#


You could see Terence.

Vanquished Creatures
  An adder (D:2)
  An ooze (D:1)
  A worm (D:2)
  2 dart slugs (D:1)
  3 leopard geckos (D:1)
  4 bats (D:1)
  4 giant cockroaches
  5 goblins
  3 hobgoblins
  4 jackals (D:1)
  6 kobolds
  A ball python (D:1)
  2 frilled lizards (D:1)
  2 rats
39 creatures vanquished.

Notes
Turn   | Place    | Note
-------+----------+-------------------------------------------
     0 | D:1      | Inarius the Draconian Air Elementalist began the quest for the Orb.
     0 | D:1      | Reached XP level 1. HP: 14/14 MP: 3/3
   156 | D:1      | Reached XP level 2. HP: 18/20 MP: 0/5
   160 | D:1      | Learned a level 2 spell: Swiftness
   726 | D:1      | Reached XP level 3. HP: 23/26 MP: 1/6
  1765 | D:2      | Learned a level 3 spell: Static Discharge
  1918 | D:2      | Noticed Terence
  1952 | D:2      | HP: 1/26 [Terence/short sword (1)]
  1955 | D:2      | Slain by Terence

Skill      XL: |  1  2  3 |
---------------+----------+-----
Dodging        | 2 |  2.1
Conjurations   | 2 |  2.0
Fighting       | |  0.2
Stealth        | |  1.7
Unarmed Combat | |  0.2
Spellcasting   | |  2.6
Air Magic      | |  3.6

Action                   || total
-------------------------++-------
Melee: Unarmed           ||    25
       Tailslap          ||     9
       Short sword       ||    43
 Cast: Shock             ||    91
  Eat: Chunk             ||     4
Armor: Skin              ||    26
Dodge: Dodged            ||    67
